 Dungeon Crawl Stone Soup version 0.29.1-2-gbd0b4ee654 (webtiles) character file.

Game seed: 10830472051726474476

19028 hawla the Thaumaturge (level 13, -3/97 HPs)
             Began as a Meteoran Ice Elementalist on Oct 26, 2022.
             Was a High Priest of Vehumet.
             Slain by a warg (10 damage)
             ... on level 1 of the Orcish Mines on Oct 27, 2022.
             The game lasted 00:51:14 (6392 turns).

hawla the Thaumaturge (Meteoran Ice Elementalist)   Turns: 6392, Time: 00:51:15

Health: -3/97      AC:  5    Str: 12    XL:     13   Next: 29%
Magic:  31/31      EV: 17    Int: 20    God:    Vehumet [*****.]
Gold:   708        SH:  0    Dex: 15    Spells: 18/39 levels left

rFire   . . .      SeeInvis +   l - +0 staff of Battle
rCold   + . .      Faith    .   (no shield)
rNeg    . . .      Spirit   .   a - +0 robe
rPois   .          Reflect  .   g - +2 hat {SInv}
rElec   .          Harm     .   (no cloak)
rCorr   .          Rampage  .   s - +0 pair of gloves
Will    +....                   (no boots)
Stlth   +.........              b - amulet "Qarchuss" {RegenMP rC+}
HPRegen 0.26/turn               (no ring)
MPRegen 0.62/turn               (no ring)

@: glowing, studying 3 skills
A: sense surroundings 2, otherworldly, glowing, explore regen
a: Renounce Religion


You were on level 1 of the Orcish Mines.
You worshipped Vehumet.
Vehumet was extremely pleased with you.
You visited 3 branches of the dungeon, and saw 13 of its levels.
You also visited: Sewer.

You collected 876 gold pieces.
You spent 168 gold pieces at shops.

Inventory:

Hand Weapons
 l - the +0 staff of Battle (weapon)
   (You acquired it on level 6 of the Dungeon)

   It enhances your conjuration magic.
   It summons a battlesphere in combat, with strength depending on Conjurations
   skill.
   Its strikes trigger the battlesphere's blasts.
Armour
 a - a +0 robe (worn)
 e - a +1 helmet
 g - a +2 hat of see invisible (worn)
 s - a +0 pair of gloves (worn)
Jewellery
 b - the amulet "Qarchuss" (around neck) {RegenMP rC+}
   (You found it on level 10 of the Dungeon)

   [amulet of magic regeneration]

   It increases your rate of magic regeneration.
   rC:        It protects you from cold.
 f - a ring of ice
Wands
 n - a wand of digging (5)
 t - a wand of paralysis (11) (quivered)
Scrolls
 c - a scroll of amnesia
 h - 2 scrolls of teleportation
 i - 2 scrolls of magic mapping
 x - 2 scrolls of identify
Potions
 d - a potion of lignification
 j - 3 potions of brilliance
 k - 5 potions of degeneration {unknown}
 p - 2 potions of flight
 q - a potion of cancellation {unknown}
 r - 2 potions of might {unknown}
 u - a potion of heal wounds {unknown}
Miscellaneous
 o - a box of beasts (inert)


   Skills:
 + Level 4.3 Fighting
 + Level 4.8 Staves
 + Level 9.8 Dodging
 - Level 1.4 Stealth
 + Level 13.9 Spellcasting
 + Level 7.6 Conjurations
 + Level 1.6 Translocations
 + Level 1.3 Fire Magic
 + Level 13.3 Ice Magic
 + Level 4.1 Air Magic
 + Level 6.1 Poison Magic
 + Level 2.1 Evocations


You had 18 spell levels left.
You knew the following spells:

 Your Spells              Type           Power      Damage    Failure   Level
a - Foxfire               Conj/Fire      100%       2x1d9     1%          1
b - Frozen Ramparts       Ice            100%       1d16      1%          3
c - Hailstorm             Conj/Ice       71%        3d15      1%          4
d - Apportation           Tloc           40%        N/A       2%          1
e - Olgreb's Toxic Radia  Pois           38%        N/A       1%          4
f - Airstrike             Air            15%        2d(3-19)  2%          4
g - Flame Wave            Conj/Fire      47%        2d12      2%          4

Your spell library contained the following spells:

 Spells                   Type           Power      Damage    Failure   Level
 Freezing Cloud           Conj/Ice/Air   31%        6-21      1%          5
 Freeze                   Ice            100%       1d11      0%          1
 Sting                    Tmut/Pois      100%       1d8       1%          1
 Poisonous Vapours        Pois/Air       68%        N/A       1%          2
 Conjure Flame            Conj/Fire      47%        6-21      1%          3
 Ozocubu's Armour         Ice            61%        N/A       1%          3
 Iskenderun's Battlesphe  Conj           61%        2d11      1%          5
 Inner Flame              Hex/Fire       16%        N/A       3%          3
 Necrotise                Necr           52%        1d6       4%          1
 Summon Small Mammal      Summ           52%        N/A       4%          1
 Summon Guardian Golem    Hex/Summ       13%        N/A       14%         3
 Iron Shot                Conj/Erth      21%        9d5       36%         6
 Orb of Destruction       Conj           30%        9d10      38%         7
 Spellforged Servitor     Conj/Summ      21%        N/A       87%         7


Dungeon Overview and Level Annotations

Branches:
Dungeon (11/15) Zot: 416   Temple (1/1) D:6 Zot: 571    Lair (0/5) D:11
    Orc (1/2) D:11 Zot: 493   Sewer (visited)

Altars:
Ashenzari
Cheibriados
Dithmenos
Elyvilon
Fedhas
Gozag
Hepliaklqana
Kikubaaqudgha
Makhleb
Nemelex Xobeh
Okawaru
Ru
Sif Muna
Trog
Uskayaw
Vehumet
Wu Jian
Xom
Zin
The Shining One

Shops:
D:3 :

Annotations:
Temple 2 transporters


Innate Abilities, Weirdness & Mutations

You passively map the area around you.
You are easily found by Zot.
You glow in the dark.
You regain HP and MP as you explore.


Message History

You hit the orc sorcerer.
The orc sorcerer is heavily wounded.
You conjure a globe of magical energy.
The foxfire hits the orc sorcerer!
The orc sorcerer is almost dead.
The foxfire hits the orc sorcerer.
The orc sorcerer is almost dead.
The foxfire hits the orc sorcerer but does no damage.
The orc sorcerer is almost dead.
The foxfire hits the orc sorcerer.
The orc sorcerer is almost dead.
The orc sorcerer casts a spell at you.
You easily resist.
You hit the orc sorcerer but do no damage.
The orc sorcerer is almost dead.
The foxfire hits the orc sorcerer.
You kill the orc sorcerer!
Vehumet accepts your kill.
Your battlesphere fires!
The barrage of energy hits the warg!
The warg is heavily wounded.
Casting: Foxfire (safe; 1% risk of failure)
Confirm with . or Enter, or press ? or * to list all spells.
You feel a surge of power!
You conjure some foxfire!
You barely miss the warg.
The warg is heavily wounded.
The foxfire hits the warg.
The warg is severely wounded.
The foxfire hits the warg.
The warg is severely wounded.
The warg bites you.
* * * LOW HITPOINT WARNING * * *
You hit the warg.
The warg is severely wounded.
The warg bites you!
* * * LOW HITPOINT WARNING * * *
Your battlesphere fires!
The barrage of energy hits the warg.
The warg is almost dead.
The warg bites you!
You die...

...........# ... .##
........#.####.#,.. , ,
..........##...##. ,, ,,,,,
, ....).)).........## * , ,
..<.).##..))......# ,. ,,,
....)..#..))...#.## ## .. ,
#...#.#....#...*..##.##..
,, ,
#....#..).#......ยง#....#.,
,,
........#.#..##.@..#)....,
,, ..............###h$.## ,
..........#....#..$..## , ,
..............#....).)#* *
..#....##.##.###.....)....
,
...#...#######.........#..
, ......## ..........#,. ,
...#.## #..#.#......$ , ,*
* ..#### #...####...##.. ,


You could see a warg (ally target) and a friendly battlesphere.

Vanquished Creatures
  Gastronok (D:10)
  An ogre mage (D:11)
  A boulder beetle (D:11)
  4 two-headed ogres (D:11)
  Lodul (D:10)
  2 wizards (D:11)
  2 orc sorcerers (Orc:1)
  An ugly thing (D:8)
  A cyclops (D:11)
  A gargoyle (D:10)
  A komodo dragon (D:8)
  3 unseen horror zombies (D:9)
  2 hornets
  2 trolls
  3 slime creatures (D:5)
  3 shadows
  A wyvern (D:6)
  4 yaks (D:9)
  A wraith (D:9)
  Grum (D:10)
  A warg (Orc:1)
  3 acid dragons
  2 water moccasins (D:6)
  Pargi (Sewer)
  A black bear (D:4)
  2 sky beasts
  2 ice beasts
  11 orc warriors
  3 wolves (D:10)
  12 ogres
  3 centaurs
  Blork the orc (D:5)
  6 kobold brigands
  4 bullfrogs
  2 necrophages
  A gnoll sergeant (D:7)
  5 scorpions
  6 wights
  6 killer bees (D:9)
  9 howler monkeys
  5 orc priests
  5 hounds
  6 jellies
  Jessica (D:2)
  7 iguanas
  Terence (D:2)
  14 orc wizards
  11 gnolls
  7 adders
  A shadow imp (D:8)
  3 white imps
  2 dart slugs
  68 orcs
  10 ball pythons
  5 bats
  15 endoplasms
  6 giant cockroaches
  5 hobgoblins
  21 kobolds
  5 quokkas
  5 frilled lizards
  6 goblins
  A rat (D:3)
  A spectral goblin (D:2)
328 creatures vanquished.

Vanquished Creatures (collateral kills)
  Menkaure (D:5)
  An orc wizard (Orc:1)
2 creatures vanquished.

Vanquished Creatures (others)
  101 foxfires
  2 fungi (D:5)
  9 toadstools (D:5)
  A withered plant (D:9)
113 creatures vanquished.

Grand Total: 443 creatures vanquished

Notes
Turn   | Place    | Note
-------+----------+-------------------------------------------
     0 | D:1      | hawla the Meteoran Ice Elementalist began the quest for the
                  | Orb.
     0 | D:1      | Reached XP level 1. HP: 14/14 MP: 5/5
    77 | D:1      | Reached XP level 2. HP: 14/20 MP: 2/6
   181 | D:1      | Reached XP level 3. HP: 17/26 MP: 5/8
   185 | D:1      | Learned a level 3 spell: Frozen Ramparts
   500 | D:1      | Glimpsed the power of Zot.
   525 | D:2      | Reached skill level 5 in Ice Magic
   630 | D:2      | Noticed Terence
   639 | D:2      | Killed Terence
   640 | D:2      | Reached XP level 4. HP: 25/34 MP: 3/10
   742 | D:2      | Found a faded altar of an unknown god.
   754 | D:2      | Learned a level 4 spell: Hailstorm
   930 | D:2      | Noticed Jessica
   932 | D:2      | Killed Jessica
   933 | D:2      | Reached XP level 5. HP: 32/39 MP: 3/11
  1096 | D:2      | Glimpsed the power of Zot.
  1247 | D:3      | Found a glowing drain.
  1254 | Sewer    | Entered a sewer
  1359 | Sewer    | Noticed Pargi
  1363 | Sewer    | Killed Pargi
  1364 | Sewer    | Reached skill level 1 in Conjurations
  1364 | Sewer    | Reached XP level 6. HP: 36/46 MP: 4/12
  1728 | D:3      | Found Hyceore's Book Shop.
  1743 | D:3      | Bought a book of Cantrips for 168 gold pieces
  1825 | D:3      | Glimpsed the power of Zot.
  1982 | D:4      | Reached XP level 7. HP: 51/51 MP: 7/13
  2259 | D:5      | Entered Level 5 of the Dungeon
  2311 | D:5      | Found a shadowy altar of Dithmenos.
  2324 | D:5      | Reached XP level 8. HP: 56/58 MP: 10/14
  2396 | D:5      | Learned a level 1 spell: Apportation
  2426 | D:5      | Noticed Menkaure
  2432 | D:5      | Killed Menkaure
  2482 | D:5      | Noticed Blork the orc
  2492 | D:5      | Killed Blork the orc
  2616 | D:5      | Reached skill level 5 in Spellcasting
  2754 | D:5      | Gained mutation: You passively map the area around you.
                  | [Meteoran growth]
  2754 | D:5      | Reached XP level 9. HP: 63/63 MP: 13/18
  2758 | D:5      | Noticed a slime creature
  2759 | D:5      | Noticed a slime creature
  2759 | D:5      | Noticed a slime creature
  2762 | D:5      | Reached skill level 1 in Fighting
  2767 | D:5      | Killed a slime creature
  2768 | D:5      | Reached skill level 10 in Ice Magic
  2768 | D:5      | Killed a slime creature
  2768 | D:5      | Killed a slime creature
  2769 | D:5      | Reached skill level 1 in Translocations
  3026 | D:5      | Glimpsed the power of Zot.
  3047 | D:6      | Identified a scroll of acquirement
  3047 | D:6      | Acquired the +0 staff of Battle
  3047 | D:6      | Found the +0 staff of Battle
  3136 | D:6      | Found a staircase to the Ecumenical Temple.
  3141 | Temple   | Entered the Ecumenical Temple
  3141 | Temple   | Found a transporter.
  3141 | Temple   | Found a transporter.
  3143 | Temple   | Found a transporter.
  3143 | Temple   | Found a transporter.
  3153 | Temple   | Became a worshipper of Vehumet
  3197 | D:6      | Reached XP level 10. HP: 73/73 MP: 14/22
  3203 | D:6      | Reached skill level 5 in Dodging
  3244 | D:6      | Reached skill level 1 in Staves
  3482 | D:6      | Reached * piety under Vehumet
  3482 | D:6      | Offered knowledge of Foxfire by Vehumet.
  3644 | D:6      | Glimpsed the power of Zot.
  3979 | D:7      | Found a hide-covered altar of Uskayaw.
  3979 | D:7      | Noticed a +0 short sword
  3979 | D:7      | Noticed a +0 dagger
  3979 | D:7      | Noticed a +0 spear
  3980 | D:7      | Noticed a +0 dagger
  3982 | D:7      | Noticed a +0 falchion
  3982 | D:7      | Noticed a +0 spear
  3983 | D:7      | Noticed a +0 falchion
  3984 | D:7      | Noticed a +0 short sword
  4019 | D:7      | Offered knowledge of Sandblast by Vehumet.
  4025 | D:7      | Learned a level 4 spell: Olgreb's Toxic Radiance
  4121 | D:7      | Reached skill level 1 in Poison Magic
  4204 | D:7      | Reached ** piety under Vehumet
  4216 | D:7      | Glimpsed the power of Zot.
  4265 | D:7      | Glimpsed the power of Zot.
  4595 | D:8      | Noticed a brown ugly thing
  4599 | D:8      | Killed a brown ugly thing
  4600 | D:8      | Reached skill level 5 in Poison Magic
  4641 | D:8      | Noticed a komodo dragon
  4647 | D:8      | Killed a komodo dragon
  4648 | D:8      | Reached XP level 11. HP: 37/81 MP: 22/25
  4704 | D:8      | Found a blossoming altar of Fedhas.
  4755 | D:8      | Learned a level 1 spell: Foxfire
  4815 | D:8      | Glimpsed the power of Zot.
  4855 | D:9      | Reached skill level 5 in Conjurations
  4929 | D:9      | Reached skill level 10 in Spellcasting
  5021 | D:9      | Offered knowledge of Dazzling Flash by Vehumet.
  5080 | D:9      | Reached *** piety under Vehumet
  5368 | D:10     | Entered Level 10 of the Dungeon
  5381 | D:10     | Noticed Gastronok
  5399 | D:10     | Killed Gastronok
  5566 | D:10     | Reached XP level 12. HP: 91/91 MP: 21/28
  5580 | D:10     | Noticed Grum
  5585 | D:10     | Offered knowledge of Airstrike by Vehumet.
  5586 | D:10     | Killed Grum
  5592 | D:10     | Learned a level 4 spell: Airstrike
  5615 | D:10     | Reached skill level 1 in Air Magic
  5759 | D:10     | Identified the amulet "Qarchuss" {RegenMP rC+}
  5936 | D:10     | Noticed Lodul
  5942 | D:10     | Killed Lodul
  5946 | D:10     | Reached **** piety under Vehumet
  6000 | D:10     | Glimpsed the power of Zot.
  6023 | D:11     | Noticed an ogre mage
  6023 | D:11     | Noticed a two-headed ogre
  6023 | D:11     | Noticed a two-headed ogre
  6023 | D:11     | Noticed a two-headed ogre
  6023 | D:11     | Noticed a two-headed ogre
  6023 | D:11     | Noticed a two-headed ogre
  6024 | D:11     | Noticed a boulder beetle
  6027 | D:11     | Killed an ogre mage
  6029 | D:11     | Killed a two-headed ogre
  6029 | D:11     | Killed a two-headed ogre
  6030 | D:11     | Killed a two-headed ogre
  6040 | D:11     | Offered knowledge of Yara's Violent Unravelling by Vehumet.
  6043 | D:11     | Killed a boulder beetle
  6094 | D:11     | Killed a two-headed ogre
  6179 | D:11     | Noticed a wizard
  6180 | D:11     | Noticed a wizard
  6184 | D:11     | Killed a wizard
  6187 | D:11     | Reached XP level 13. HP: 96/96 MP: 27/31
  6219 | D:11     | Found a staircase to the Lair.
  6239 | D:11     | Reached skill level 1 in Fire Magic
  6255 | D:11     | Found a staircase to the Orcish Mines.
  6284 | D:11     | Learned a level 4 spell: Flame Wave
  6285 | Orc:1    | Entered Level 1 of the Orcish Mines
  6289 | Orc:1    | Reached ***** piety under Vehumet
  6308 | Orc:1    | Offered knowledge of Freezing Cloud by Vehumet.
  6392 | Orc:1    | Slain by a warg

Illustrated notes

Levels and vault maps discovered:
D:1:      dpeg_arrival_arbitrary_b, layout_loops_ring
D:2:      layout_basic, dreamdust_ecumenical_altar_drowned_temple,
          hangedman_glass_teeth, minivault_24, uniq_jessica, uniq_terence
D:3:      layout_basic, serial_shops, nicolae_lakefront_shop,
          gup_sewer_entry_bubbles
D:4:      layout_rooms, kennysheep_generic_room_2
D:5:      cheibrodos_fertilizer, layout_loops_ring,
          grunt_dithmenos_smoke_and_mirrors, chequers_serial_rivers_room_a,
          uniq_blork_the_orc, uniq_menkaure
D:6:      minmay_razor_zed, layout_cave_pools, temple_doors_e, serial_glass,
          glass_columns_b, glass_columns_c, minmay_manual_monstrance
D:7:      layout_cave_pods, nicolae_uskayaw_en_pointe, minmay_manual_mullet
D:8:      layout_loops_cross, mainiacjoe_overflow_concentric_impassable,
          minivault_26, kennysheep_cross_bottleneck,
          chequers_serial_rivers_micro_a, grunt_ministairs_3
D:9:      layout_loops_cross, serial_undead, serial_undead_d, serial_undead_d,
          serial_undead_c, serial_undead_f
D:10:     layout_small_grid, patterned_corridor, uniq_lodul, uniq_grum,
          uniq_gastronok
D:11:     cheibrodos_wizards_tower, layout_gridville, lair_entry_dummy,
          hiddenorc2_lemuel, serial_glass, glass_columns_b, glass_columns_b,
          glass_columns_c, glass_columns_a,
          nicolae_gozag_cash_rules_everything_around_me
Temple:   hellmonk_temple_divided_pantheon
Orc:1:    layout_caves

Skill      XL: |  1  2  3  4  5  6  7  8  9 10 11 12 13 |
---------------+----------------------------------------+-----
Spellcasting   | 3 5 7 9 11 13 | 13.9
Ice Magic      | 5 6 7 8 9 10 11 12 13 | 13.3
Conjurations   | 1 2 3 4 6 7 |  7.6
Evocations     | 2 |  2.1
Dodging        | 3 4 6 8 9 |  9.8
Fighting       | 1 2 3 4 |  4.3
Translocations | 1 |  1.6
Staves         | 3 4 |  4.8
Poison Magic   | 5 6 |  6.1
Air Magic      | 3 4 |  4.1
Fire Magic     | 1 |  1.3
Stealth        | |  1.4

Action                   |  1- 3 |  4- 6 |  7- 9 | 10-12 | 13-15 || total
-------------------------+-------+-------+-------+-------+-------++-------
Melee: Unarmed           |    10 |    18 |    26 |       |       ||    54
       Punch             |       |       |     1 |     2 |       ||     3
       Staff             |       |       |    20 |   137 |    22 ||   179
 Cast: Freeze            |    26 |    30 |    19 |     4 |       ||    79
       Frozen Ramparts   |     7 |    18 |    17 |    32 |     1 ||    75
       Hailstorm         |       |    13 |     9 |    62 |    21 ||   105
       Apportation       |       |       |     7 |       |       ||     7
       Foxfire           |       |       |       |    41 |    17 ||    58
       Airstrike         |       |       |       |     6 |       ||     6
       Olgreb's Toxic Ra |       |       |       |     3 |     4 ||     7
Evoke: Box of beasts     |       |       |     1 |       |     1 ||     2
       Wand              |       |       |     1 |       |       ||     1
  Use: Potion            |     1 |       |       |     7 |       ||     8
       Scroll            |       |    11 |     2 |    10 |     1 ||    24
 Stab: Paralysed         |       |       |     4 |       |       ||     4
Armor: Robe              |     6 |     7 |     7 |    57 |     4 ||    81
       Skin              |       |       |       |     1 |       ||     1
Dodge: Dodged            |    25 |    25 |    36 |   142 |    19 ||   247
